 Dungeon Sprint DCSS version 0.32-a0-470-g255bbe2f98 (webtiles) character file.

Game seed: 16723197437484080562

10831 Conn the Arsonist (level 11, -3/61 HPs)
             Began as an Octopode Fire Elementalist on Feb 25, 2024.
             Was a High Priest of Sif Muna.
             Hit by a javelin thrown by a merfolk javelineer (21 damage)
             ... in the Dungeon (Sprint V: "Ziggurat Sprint").
             The game lasted 00:22:00 (812 turns).

Conn the Arsonist (Octopode Fire Elementalist)       Turns: 812, Time: 00:22:01

Health: -3/61      AC:  4    Str: 15    XL:     11   Next: 68%
Magic:  11/25      EV: 12    Int: 33    God:    Sif Muna [*****.]
Gold:   0          SH: 36    Dex: 18    Spells: 4/31 levels left

rFire   + + .        C - +8 lance "Wyrmbane" {slay drac, rPois rF+ rC+ AC+3}
rCold   . . .        A - +18 shield of the Gong {Loud rN+ Will+ rCorr EV-5}
rNeg    + + .        (helmet restricted)
rPois   +            j - amulet of reflection
rElec   .            F - ring of fire
rCorr   +            E - ring of resist corrosion
SInv    .            t - +6 ring of dexterity
Will    +....        u - +6 ring of intelligence
Stlth   +++++        v - +6 ring of intelligence
HPRegen 0.30/turn    G - ring of the Mage {Wiz Archmagi}
MPRegen 0.19/turn    x - +6 ring of strength
                     n - ring of positive energy

%: no teleportation, reflection, wizardry (x1), archmagi
@: no status effects
A: almost no armour, amphibious, 8 rings, camouflage 1, gelatinous body 1,
(nimble swimmer 1), tentacles
a: Renounce Religion, Channel Magic, Forget Spell, Divine Exegesis


You were in the Dungeon.
You worshipped Sif Muna.
Sif Muna was extremely pleased with you.
You visited 1 branch

Inventory:

Hand Weapons
 y - the +6 Majin-Bo {spellvamp, MP+6 Int+6}
   (You found it in the Dungeon)

   Int+6:     It affects your intelligence (+6).
   MP+6:      It affects your magic capacity (+6).
 z - the +27 heavy crossbow "Sniper" {heavy, Acc+∞ SInv}
   (You found it in the Dungeon)

   Acc+∞: It never misses its target.
   SInv:      It lets you see invisible.
 B - the +7 great mace "Firestarter" {flame, immolate, rFlCloud rF++}
   (You found it in the Dungeon)

   rFlCloud:  It grants immunity to clouds of flame.
   rF++:      It greatly protects you from fire.
 C - the +8 lance "Wyrmbane" (weapon) {slay drac, rPois rF+ rC+ AC+3}
   (You found it in the Dungeon)

   AC+3:      It affects your AC (+3).
   rF+:       It protects you from fire.
   rC+:       It protects you from cold.
   rPois:     It protects you from poison
 M - the +7 hand cannon "Mule" {flame, backblast, rF+}
   (You found it in the Dungeon)

   rF+:       It protects you from fire.
Armour
 A - the +18 shield of the Gong (worn) {Loud rN+ Will+ rCorr EV-5}
   (You found it in the Dungeon)

   Loud:      It is deafeningly noisy when blocking attacks.
   EV-5:      It affects your evasion (-5).
   rN+:       It protects you from negative energy.
   Will+:     It increases your willpower.
   rCorr:     It protects you from acid and corrosion.
Magical Staves
 D - a staff of fire
Jewellery
 j - an amulet of reflection (around mantle)
 n - a ring of positive energy (on tentacle)
 r - a ring of flight
 s - a +6 ring of dexterity
 t - a +6 ring of dexterity (on tentacle)
 u - a +6 ring of intelligence (on tentacle)
 v - a +6 ring of intelligence (on tentacle)
 w - a +6 ring of strength
 x - a +6 ring of strength (on tentacle)
 E - a ring of resist corrosion (right tentacle)
 F - a ring of fire (left tentacle)
 G - the ring of the Mage (on tentacle) {Wiz Archmagi}
   (You found it in the Dungeon)

   [ring of wizardry]

   Wiz:       It improves your spell success rate.
   Archmagi:  It increases the power of your magical spells.
 I - a ring of willpower
 J - a ring of positive energy
 L - a +6 ring of dexterity
Wands
 l - a wand of flame (6)
 p - a wand of mindburst (15)
 q - a wand of light (16)
 H - a wand of charming (7)
 K - a wand of polymorph (4)
Scrolls
 f - 3 scrolls of blinking
 g - 4 scrolls of amnesia
 h - 7 scrolls of fog
 i - 5 scrolls of identify
Potions
 a - 8 potions of magic
 b - 10 potions of curing
 c - 10 potions of heal wounds
 d - 8 potions of haste
 e - 3 potions of berserk rage
 k - 2 potions of brilliance
 m - 4 potions of resistance
 o - 5 potions of might


   Skills:
 * Level 9.5 Ranged Weapons
 + Level 8.7 Dodging
 - Level 7.0 Stealth
 * Level 11.7 Shields
 * Level 10.8 Spellcasting
 * Level 9.2 Conjurations
 + Level 5.9 Hexes
 + Level 2.7 Translocations
 + Level 13.6 Fire Magic
 * Level 3.7 Air Magic
 * Level 9.5 Invocations


You had 4 spell levels left.
You knew the following spells:

 Your Spells              Type           Power      Damage    Failure   Level
a - Foxfire               Conj/Fire      100%       2x1d9     1%          1
b - Scorch                Fire           100%       2d9       1%          2
c - Inner Flame           Hex/Fire       100%       N/A       1%          3
d - Flame Wave            Conj/Fire      100%       2d21      1%          4
e - Iskenderun's Mystic   Conj/Tloc      72%        2d15      1%          4
f - Plasma Beam           Fire/Air       53%        2x1d68    10%         6
g - Blink                 Tloc           100%       N/A       1%          2
h - Fireball              Conj/Fire      59%        3d23      1%          5

Your spell library contained the following spells:

 Spells                   Type           Power      Damage    Failure   Level
 Kiss of Death            Conj/Necr      100%       2d13      1%          1
 Magic Dart               Conj           100%       1d8       1%          1
 Cigotuvi's Dreadful Rot  Necr/Alch/Air  78%        N/A       1%          2
 Ensorcelled Hibernation  Hex/Ice        100%       N/A       1%          2
 Dazzling Flash           Conj/Hex       100%       N/A       1%          3
 Mephitic Cloud           Conj/Alch/Air  62%        N/A       1%          3
 Sigil of Binding         Hex            71%        N/A       1%          3
 Volatile Blastmotes      Fire/Tloc      100%       2d18      1%          3
 Cause Fear               Hex            35%        N/A       1%          4
 Ignite Poison            Fire/Alch      96%        N/A       1%          4
 Freeze                   Ice            100%       1d10      2%          1
 Necrotise                Necr           100%       1d9       2%          1
 Call Imp                 Summ           52%        N/A       3%          2
 Sublimation of Blood     Necr           26%        N/A       3%          2
 Brom's Barrelling Bould  Conj/Erth      64%        2d8       3%          4
 Dimensional Bullseye     Hex/Tloc       31%        N/A       3%          4
 Fulminant Prism          Conj/Alch      32%        3d16      3%          4
 Anguish                  Hex/Necr       27%        N/A       6%          4
 Leda's Liquefaction      Alch/Erth      13%        N/A       21%         4
 Martyr's Knell           Necr/Summ      26%        N/A       21%         4
 Petrify                  Alch/Erth      26%        N/A       21%         4
 Iskenderun's Battlesphe  Conj           87%        2d13      1%          5
 Starburst                Conj/Fire      59%        6d16      3%          6
 Irradiate                Conj/Alch      32%        3d22      9%          5
 Freezing Cloud           Conj/Ice/Air   31%        6-21      11%         5
 Yara's Violent Unravell  Hex/Alch       27%        3d12      17%         5
 Conjure Ball Lightning   Conj/Air       37%        3x3d12    22%         6
 Summon Forest            Summ/Tloc      20%        N/A       32%         5
 Orb of Destruction       Conj           43%        9d12      38%         7
 Enfeeble                 Hex            35%        N/A       82%         7
 Death Channel            Necr           13%        N/A       96%         6
 Sculpt Simulacrum        Ice/Alch       13%        N/A       96%         6
 Haunt                    Necr/Summ      13%        N/A       100%        7
 Borgnjor's Revivificati  Necr           13%        N/A       100%        8
 Discord                  Hex            35%        N/A       100%        8
 Fire Storm               Conj/Fire      59%        8d15      100%        9


Dungeon Overview and Level Annotations

Branches:
Dungeon (1/1)

Altars:
Ashenzari
Cheibriados
Dithmenos
Elyvilon
Fedhas
Gozag
Hepliaklqana
Kikubaaqudgha
Makhleb
Nemelex Xobeh
Okawaru
Qazlal
Ru
Sif Muna
Trog
Uskayaw
Vehumet
Wu Jian
Xom
Yredelemnul
Zin
The Shining One
Beogh
Jiyva
Lugonu


Innate Abilities, Weirdness & Mutations

You cannot wear most types of armour.
You are amphibious.
You can wear up to eight rings at the same time.
Your skin changes colour to match your surroundings (Stealth+).
Your rubbery body absorbs attacks. (AC +1, EV +1)
((You are camouflaged when in or above water. (Stealth+)))
You have tentacles for arms and can constrict up to eight enemies at once.


Message History

Okay, then.
Unknown command.
Unknown command.
Unknown command.
Aiming: Fire Storm
Press: ? - help, Dir - move target, f - merfolk aquamancer
Aim: a merfolk aquamancer, wielding a +0 rapier and wearing a +0 robe (moderately wounded)
A raging storm of fire appears!
The great blast of fire engulfs the merfolk aquamancer!!!
You kill the merfolk aquamancer!
Sif Muna accepts your kill.
You see here Adul Rie's Discursus on Puissant Causimancy {god gift}.
Sif Muna grants you a gift!
The great blast of fire engulfs the merfolk avatar!!!!
You kill the merfolk avatar!
Sif Muna accepts your kill.
The great blast of fire engulfs the wind drake!!!!
You kill the wind drake!
Sif Muna accepts your kill.
The great blast of fire engulfs the sea snake!!!!
You kill the sea snake!
Sif Muna accepts your kill.
The great blast of fire engulfs the merfolk impaler!!!!
You kill the merfolk impaler!
Sif Muna accepts your kill.
The great blast of fire engulfs the merfolk javelineer!!!!
You kill the merfolk javelineer!
Sif Muna accepts your kill.
You hear a splash. x3
The great blast of fire engulfs the merfolk javelineer!!!
The merfolk javelineer is almost dead.
Sif Muna accepts your kill.
You hear a splash. x2
You feel a bit more experienced. Sif Muna accepts your kill.
You feel a bit more experienced.
The merfolk javelineer is engulfed in a cloud of scalding steam.
The merfolk javelineer throws a javelin.
The javelin pierces through you!!
You die...

▓..%|[%...▓
▓~☼§§m§mv.▓...†).)..▓
▓.☼§○☼○☼§.▓....†....▓
▓.v§○v○§§~▓.........▓
▓.☼vv☼○○☼.▓.........▓
▓~☼§§☼○§v.▓.........▓
▓.☼v☼§☼☼§.▓.▓.....▓.▓
▓...~..~..▓....©....▓
▓~.~~@...~▓▓▓▓▓▓▓▓▓▓▓
▓▓▓▓▓▓▓▓▓▓▓


You could see a merfolk javelineer, a merfolk aquamancer and 7 friendly fire
vortices.

Vanquished Creatures
  A yellow draconian (D)
  A merfolk javelineer (D)
  A merfolk impaler (D)
  A merfolk avatar (D)
  A merfolk aquamancer (D)
  2 dancing weapons (D)
  A satyr (D)
  A sea snake (D)
  2 deep elf zephyrmancers (D)
  7 draconians (D)
  2 toenail golems (D)
  3 rime drakes (D)
  3 tarantellas (D)
  A wind drake (D)
  A polar bear (D)
  A snapping turtle (D)
  A jumping spider (D)
  An air elemental (D)
  2 wyverns (D)
  A yak (D)
  A redback (D)
  A fire elemental (D)
  6 steam dragons (D)
  3 acid dragons (D)
  A swamp drake (D)
  An ice beast (D)
  A bullfrog (D)
  4 scorpions (D)
  2 orc priests (D)
  An iguana (D)
  2 orc wizards (D)
  2 white imps (D)
  2 orcs (D)
  A jackal (D)
62 creatures vanquished.

Vanquished Creatures (others)
  6 foxfires (D)
6 creatures vanquished.

Grand Total: 68 creatures vanquished

Notes
Turn   | Place    | Note
-------+----------+-------------------------------------------
     0 | D        | Conn the Octopode Fire Elementalist began the quest for the
                  | Orb.
     0 | D        | Reached XP level 1. HP: 11/11 MP: 3/3
     2 | D        | Found a blossoming altar of Fedhas.
     2 | D        | Found the +6 Majin-Bo {spellvamp, MP+6 Int+6}
     2 | D        | Found the +27 heavy crossbow "Sniper" {heavy, Acc+∞ SInv}
     2 | D        | Found the +10 dark maul {heavy}
     2 | D        | Found the +15 Maxwell's patent armour {-Cast -Tele rElec
                  | Will+ rCorr}
     2 | D        | Found the +18 shield of the Gong {Loud rN+ Will+ rCorr
                  | EV-5}
     2 | D        | Found the +16 obsidian axe {drain, demonic, Mesm ^Drain Fly
                  | SInv}
     2 | D        | Found the +7 great mace "Firestarter" {flame, immolate,
                  | rFlCloud rF++}
     2 | D        | Found the +6 shillelagh "Devastator" {shatter}
     2 | D        | Found the +11 plutonium sword {^Contam Stlth-}
     2 | D        | Found the +8 lance "Wyrmbane" {slay drac, rPois rF+ rC+
                  | AC+3}
     2 | D        | Found the +9 sword of Zonguldrok {reap}
     2 | D        | Found the +13 scythe of Curses {drain, curses, ^Drain}
     2 | D        | Found the +9 sword of Power {lifebolt}
     2 | D        | Found the +7 mace of Variability {chaos, chaos arc}
     2 | D        | Found the +11 Singing Sword {sonic wave}
     2 | D        | Found the +8 storm bow {elec, penet}
     3 | D        | Found a viscous altar of Jiyva.
     3 | D        | Found a hazy altar of Hepliaklqana.
     3 | D        | Found a transporter.
     3 | D        | Found an opulent altar of Gozag.
     3 | D        | Found an ancient bone altar of Kikubaaqudgha.
     3 | D        | Found a corrupted altar of Lugonu.
    15 | D        | Found a burning altar of Makhleb.
    16 | D        | Found a sacrificial altar of Ru.
    16 | D        | Found a shimmering blue altar of Sif Muna.
    16 | D        | Found a stormy altar of Qazlal.
    16 | D        | Found a bloodstained altar of Trog.
    16 | D        | Found an iron altar of Okawaru.
    16 | D        | Found a sparkling altar of Nemelex Xobeh.
    66 | D        | Became a worshipper of Sif Muna the Loreminder
    77 | D        | Entered arena 2.
    77 | D        | Noticed a toenail golem
    77 | D        | Noticed a toenail golem
    77 | D        | Found a transporter.
    81 | D        | Killed a toenail golem
    82 | D        | Reached skill level 5 in Dodging
    82 | D        | Reached skill level 5 in Spellcasting
    82 | D        | Reached skill level 10 in Fire Magic
    82 | D        | Reached XP level 2. HP: 17/17 MP: 3/8
    82 | D        | Reached XP level 3. HP: 21/21 MP: 3/10
    82 | D        | Reached XP level 4. HP: 27/27 MP: 3/11
    82 | D        | Reached XP level 5. HP: 31/31 MP: 3/13
    82 | D        | Reached XP level 6. HP: 36/36 MP: 3/14
    83 | D        | Killed a toenail golem
    84 | D        | Reached skill level 12 in Fire Magic
    84 | D        | Reached XP level 7. HP: 41/41 MP: 4/17
    87 | D        | Got the Information on the Damned
    91 | D        | Learned a level 2 spell: Scorch
    95 | D        | Learned a level 3 spell: Inner Flame
   100 | D        | Learned a level 4 spell: Flame Wave
   172 | D        | Entered arena 3.
   172 | D        | Noticed a draconian
   172 | D        | Noticed a draconian
   172 | D        | Noticed a draconian
   172 | D        | Found a transporter.
   173 | D        | Reached XP level 8. HP: 46/46 MP: 18/18
   180 | D        | Killed a draconian
   180 | D        | Reached * piety under Sif Muna
   181 | D        | Reached skill level 1 in Hexes
   181 | D        | Reached XP level 9. HP: 51/51 MP: 16/20
   182 | D        | Killed a draconian
   183 | D        | Killed a draconian
   184 | D        | Reached skill level 5 in Ranged Weapons
   202 | D        | Learned a level 4 spell: Iskenderun's Mystic Blast
   217 | D        | Entered arena 4.
   217 | D        | Noticed a polar bear
   217 | D        | Found a transporter.
   218 | D        | Killed a polar bear
   218 | D        | Reached ** piety under Sif Muna
   219 | D        | Reached skill level 5 in Conjurations
   221 | D        | Reached *** piety under Sif Muna
   235 | D        | Entered arena 5.
   235 | D        | Found the +8 frozen axe "Frostbite" {freeze, freezing
                  | cloud, *Noise Fly rC+}
   235 | D        | Found a transporter.
   237 | D        | Reached skill level 5 in Invocations
   256 | D        | Entered arena 6.
   256 | D        | Noticed a yellow draconian
   256 | D        | Noticed a draconian
   256 | D        | Noticed a draconian
   256 | D        | Noticed a draconian
   256 | D        | Noticed a draconian
   256 | D        | Found a transporter.
   263 | D        | Killed a yellow draconian
   263 | D        | Reached **** piety under Sif Muna
   264 | D        | Reached XP level 10. HP: 41/56 MP: 5/22
   270 | D        | Killed a draconian
   272 | D        | Killed a draconian
   273 | D        | Reached skill level 13 in Fire Magic
   275 | D        | Killed a draconian
   276 | D        | Reached skill level 10 in Shields
   278 | D        | Killed a draconian
   278 | D        | Reached ***** piety under Sif Muna
   365 | D        | Entered arena 7.
   365 | D        | Noticed a +6 short sword of venom
   365 | D        | Noticed a deep elf zephyrmancer
   365 | D        | Noticed a deep elf zephyrmancer
   365 | D        | Noticed a +4 short sword of speed
   366 | D        | Killed a +4 short sword of speed
   367 | D        | Received a gift from Sif Muna
   369 | D        | Killed a deep elf zephyrmancer
   370 | D        | Killed a +6 short sword of venom
   371 | D        | Reached skill level 10 in Spellcasting
   371 | D        | Reached XP level 11. HP: 59/61 MP: 23/25
   371 | D        | Killed a deep elf zephyrmancer
   372 | D        | Reached skill level 5 in Hexes
   374 | D        | Got Sif Muna's Anthology of Jinxed Conflagration {god gift}
   382 | D        | Learned a level 6 spell: Plasma Beam
   382 | D        | Found a transporter.
   389 | D        | Got the Secrets of Misery and Intoxication
   452 | D        | Entered arena 8.
   452 | D        | Found the ring of the Mage {Wiz Archmagi}
   455 | D        | Received a gift from Sif Muna
   458 | D        | Found a transporter.
   466 | D        | Learned a level 2 spell: Blink
   472 | D        | Learned a level 5 spell: Fireball
   493 | D        | Entered arena 9.
   495 | D        | Reached skill level 1 in Air Magic
   495 | D        | Received a gift from Sif Muna
   496 | D        | Reached skill level 1 in Translocations
   499 | D        | Got Sif Muna's Anthology of Destructive Doom {god gift}
   500 | D        | Found a transporter.
   509 | D        | Got Sif Muna's Secrets of Shivering Alteration
   563 | D        | Entered arena 10.
   567 | D        | Received a gift from Sif Muna
   572 | D        | Got Sif Muna's Exposition on Mustered Trauma {god gift}
   573 | D        | Found a transporter.
   711 | D        | Entered arena 11.
   711 | D        | Found the +7 hand cannon "Mule" {flame, backblast, rF+}
   712 | D        | Found a transporter.
   714 | D        | Reached ****** piety under Sif Muna
   714 | D        | Received a gift from Sif Muna
   809 | D        | Entered arena 12.
   809 | D        | Noticed a merfolk aquamancer
   809 | D        | Noticed a merfolk aquamancer
   809 | D        | Noticed a merfolk javelineer
   809 | D        | Noticed a merfolk javelineer
   809 | D        | Noticed a sea snake
   810 | D        | Noticed a merfolk impaler
   811 | D        | Noticed a merfolk avatar
   812 | D        | Killed a merfolk aquamancer
   812 | D        | Received a gift from Sif Muna
   812 | D        | Killed a merfolk avatar
   812 | D        | Killed a sea snake
   812 | D        | Killed a merfolk impaler
   812 | D        | Killed a merfolk javelineer
   812 | D        | Killed a satyr
   812 | D        | Identified the ring of Osathrah {rF- rCorr Str+2 Int+3
                  | Dex+3}
   812 | D        | Hit by a javelin thrown by a merfolk javelineer

Illustrated notes

Levels and vault maps discovered:
D:        sprint_v [room_start, room_1, room_2, room_3, room_4, room_5, room_6,
          room_7, room_8, room_9, room_10, room_11, room_12, room_13, room_14,
          room_15, room_16, room_17, room_18, room_19, room_20, room_21,
          room_22, room_23, room_24, room_25, room_26, room_27]

Skill      XL: |  1  2  3  4  5  6  7  8  9 10 11 |
---------------+----------------------------------+-----
Ranged Weapons | 2 3 6 8 9 |  9.5
Dodging        | 5 6 7 8 |  8.7
Stealth        | 6 7 |  7.0
Spellcasting   | 5 6 7 8 10 | 10.8
Fire Magic     | 10 12 13 | 13.6
Shields        | 7 8 9 10 11 | 11.7
Conjurations   | 3 6 8 9 |  9.2
Hexes          | 1 3 4 5 |  5.9
Invocations    | 2 6 8 9 |  9.5
Air Magic      | 3 |  3.7
Translocations | 2 |  2.7

Action                     |  1- 3 |  4- 6 |  7- 9 | 10-12 || total
---------------------------+-------+-------+-------+-------++-------
   Fire: Heavy crossbow    |     2 |     2 |    16 |    12 ||    32
   Cast: Inner Flame       |       |       |     1 |     1 ||     2
         Iskenderun's Myst |       |       |     4 |     2 ||     6
         Fireball          |       |       |       |    11 ||    11
         Foxfire           |       |       |       |     3 ||     3
         Plasma Beam       |       |       |       |     2 ||     2
         Fire Storm        |       |       |       |     1 ||     1
         Blink             |       |       |       |     1 ||     1
         Scorch            |       |       |       |     1 ||     1
 Invoke: Channel Magic     |       |       |       |     1 ||     1
         Divine Exegesis   |       |       |       |     1 ||     1
    Use: Potion            |     1 |       |     4 |       ||     5
         Scroll            |     1 |       |     1 |     1 ||     3
 Armour: Skin              |       |       |     1 |     5 ||     6
  Dodge: Dodged            |       |       |     2 |     8 ||    10
  Block: Kite shield       |       |       |       |     1 ||     1
         Reflection        |       |       |       |     1 ||     1

Table legend: (Time is in decaauts)
 A = Elapsed time spent in this place.
 B = Non-inter-level travel time spent in this place.
 C = Inter-level travel time spent in this place.
 D = Time resting spent in this place.
 E = Time spent auto-exploring this place.
 F = Levels seen in this place.
 G = Mean time per level.
                   A        B        C        D        E       F      G
               +--------+--------+--------+--------+--------+-----+--------+
         Total |    840 |    840 |      0 |    353 |      0 |   1 |  840.0 |
       Dungeon |    840 |    840 |      0 |    353 |      0 |   1 |  840.0 |
               +--------+--------+--------+--------+--------+-----+--------+

Top non-repeatable levels by time:
       D: 840 daAuts
